 Dungeon Crawl Stone Soup version 0.29-a0-866-g0545e20 (webtiles) character file.

Game seed: 3155807969389864447

2039 GeorgeSoros the Frost Mage (level 9, -3/66 (68) HPs)
             Began as a Demonspawn Ice Elementalist on July 17, 2022.
             Was an Initiate of Qazlal.
             Slain by Psyche
             ... wielding a +4 dagger of distortion
              (11 damage)
             ... on level 8 of the Dungeon.
             The game lasted 00:22:14 (7517 turns).

GeorgeSoros the Frost Mage (DsIE)                   Turns: 7517, Time: 00:22:15

HP:   -3/66 (68)    AC: 19    Str:  9    XL:     9   Next: 4%
MP:   18/21         EV: 19    Int: 20    God:    Qazlal [......]
Gold: 177           SH:  4    Dex: 14    Spells: 5/12 levels left

rFire   . . .      SeeInvis .   (weapon currently unavailable)
rCold   . . .      Faith    .   (shield currently unavailable)
rNeg    + + +      Spirit   .   (body armour currently unavailable)
rPois   +          Reflect  .   (helmet currently unavailable)
rElec   +          Harm     .   (cloak currently unavailable)
rCorr   .          Rampage  .   (gloves currently unavailable)
Will    .....                   (boots currently unavailable)
Stlth   ++........              f - amulet of magic regeneration
HPRegen 0.21/turn               o - ring of magical power
MPRegen 0.57/turn               w - ring "Juav" {rElec rPois}

@: ice-armoured, fungus-form, freezing walls, lightly drained
A: melee confuse, terrified, no casting, tiny, (thin metallic scales 1),
condensation shield, (weakness stinger 1)
a: Renounce Religion


You were on level 8 of the Dungeon.
You worshipped Qazlal.
Qazlal was noncommittal.
You were a sentient fungus.
You visited 2 branches of the dungeon, and saw 9 of its levels.

You collected 517 gold pieces.
You spent 340 gold pieces at shops.

Inventory:

Hand Weapons
 g - a +0 spear
 z - a +0 double sword
 C - a +4 scimitar of freezing (melded)
Armour
 a - a +0 robe
 n - a +1 robe of willpower (melded)
 s - a +4 scale mail of fire resistance
 B - a +0 buckler
Jewellery
 f - an amulet of magic regeneration (around neck)
 o - a ring of magical power (left hypha)
 w - the ring "Juav" (right hypha) {rElec rPois}
   (You bought it in a shop on level 6 of the Dungeon)

   [ring of poison resistance]

   rElec:     It insulates you from electricity.
   rPois:     It protects you from poison.
Wands
 p - a wand of iceblast (5)
 t - a wand of polymorph (13)
 x - a wand of charming (9)
Scrolls
 i - a scroll of fear
 l - a scroll of silence
 q - 2 scrolls of identify
 r - a scroll of teleportation
 y - 2 scrolls of blinking
 A - a scroll of amnesia
Potions
 b - a potion of magic
 c - 5 potions of heal wounds
 d - 2 potions of haste
 e - 3 potions of curing
 h - a potion of might
 j - a potion of berserk rage
 k - 2 potions of cancellation
 m - 3 potions of flight
 u - a potion of brilliance
 v - a potion of attraction {unknown}


   Skills:
 + Level 5.0 Fighting
 + Level 4.5 Armour
 - Level 1.8 Dodging
 - Level 1.8 Stealth
 - Level 4.0 Shields
 - Level 2.0 Spellcasting
 + Level 8.2 Ice Magic


You had 5 spell levels left.
You knew the following spells:

 Your Spells              Type           Power      Damage    Failure   Level
a - Freeze                Ice            100%       1d11      1%          1
b - Frozen Ramparts       Ice            70%        1d9       1%          3
c - Ozocubu's Armour      Ice            35%        N/A       1%          3

Your spell library contained the following spells:

 Spells                   Type           Power      Damage    Failure   Level
 Shock                    Conj/Air       8%         1d3       16%         1
 Poisonous Vapours        Pois/Air       4%         N/A       24%         2
 Hailstorm                Conj/Ice       18%        3d6       28%         4
 Summon Ice Beast         Ice/Summ       18%        N/A       28%         4
 Inner Flame              Hex/Fire       2%         N/A       43%         3
 Swiftness                Air            2%         N/A       43%         3
 Airstrike                Air            1%         0-2+      83%         4
 Cause Fear               Hex            1%         N/A       83%         4
 Corpse Rot               Necr/Pois/Air  2%         N/A       83%         4
 Summon Mana Viper        Hex/Summ       2%         N/A       99%         5
 Monstrous Menagerie      Summ           1%         N/A       100%        7
 Discord                  Hex            1%         N/A       100%        8


Dungeon Overview and Level Annotations

Branches:
Dungeon (8/15)             Temple (1/1) D:6
   Lair: D:8-11

Altars:
Ashenzari
Cheibriados
Dithmenos
Gozag
Hepliaklqana
Kikubaaqudgha
Nemelex Xobeh
Qazlal
Sif Muna
Trog
Uskayaw
Vehumet
Wu Jian
Xom
Yredelemnul

Shops:
D:6 =

Annotations:
D:3 1 runed translucent door
D:8 Psyche


Innate Abilities, Weirdness & Mutations

You are a sentient fungus.
You are tiny and evasive.
Your melee attack releases spores that confuse breathing creatures.
You become terrified and freeze when enemies are visible.
Your armour is entirely melded.
You are incapable of wielding weapons or throwing items.
You cannot cast spells.
((You are partially covered in thin metallic scales. (AC +2)))
A meltable shield of frost defends you. (SH +4)
((You have a small tail.))


Message History

The wall freezes something but does no damage.
Something hits you. Space warps around you.
An orc comes into view. It is wielding a +0 flail.
The wall freezes the yak!
The yak completely misses you.
The wall freezes the yak!
The yak misses you.
The wall freezes the yak!
You release spores at the yak.
You kill the yak!
Qazlal accepts your kill.
The wall freezes something!
Something hits you but does no damage. Space warps around you.
Training target 4.0 for Shields reached!
Your Shields skill increases to level 4!
You need to enable at least one skill for training.
Your Fighting skill increases to level 5!
You have reached level 9!
Your experience leads to an increase in your attributes!
Increase (S)trength, (I)ntelligence, or (D)exterity?
You feel clever. x2
You release spores at the yak!
The yak is heavily wounded.
The wall freezes the orc!
You kill the orc!
Qazlal accepts your kill.
The wall freezes the yak. x2; The yak completely misses you.
The wall freezes something.
Something hits you but does no damage. Space warps around you.
You release spores at the yak!
The yak is almost dead.
The wall freezes something.
Something hits you but does no damage. Space warps horribly around you!
* * * LOW HITPOINT WARNING * * *
The wall freezes the yak.
Unknown command.
You release spores at the yak but do no damage.
The yak appears confused.
The yak is almost dead.
The wall freezes something!
Something hits you.
* * * LOW HITPOINT WARNING * * *
Space warps horribly around you!
You die...

#.#... .. ...... .
......#. ...#.....
..........#
......#...#
......#)#.###
.....o.)..fY#
......#.#.#.##
...........Y.###
................Y
.).....<.........
.............#..).
..................
....#.#.......###.
#.#.............


You could see 2 yaks and an orc.

Vanquished Creatures
  Sigmund (D:4)
  A yak (D:8)
  Edmund (D:6)
  A water moccasin (D:6)
  An orc warrior (D:7)
  An ogre (D:5)
  A phantom (D:5)
  A centaur (D:7)
  A kobold brigand (D:6)
  4 bullfrogs
  2 scorpions
  3 wights (D:7)
  4 killer bees (D:7)
  A howler monkey (D:5)
  2 jellies
  2 hounds (D:5)
  2 iguanas
  9 adders
  A shadow imp (D:7)
  A white imp (D:6)
  2 worms
  5 dart slugs
  14 orcs
  9 ball pythons
  3 endoplasms
  3 giant cockroaches
  11 goblins
  6 hobgoblins
  3 quokkas
  2 bats
  4 frilled lizards
  12 kobolds
  5 rats
119 creatures vanquished.

Notes
Turn   | Place    | Note
-------+----------+-------------------------------------------
     0 | D:1      | GeorgeSoros the Demonspawn Ice Elementalist began the quest
                  | for the Orb.
     0 | D:1      | Reached XP level 1. HP: 13/13 MP: 3/3
   500 | D:1      | Reached skill level 4 in Ice Magic
   534 | D:1      | Gained mutation: A meltable shield of frost defends you.
                  | (SH +4) [demonic ancestry]
   534 | D:1      | Reached XP level 2. HP: 19/19 MP: 0/5
  1063 | D:2      | Gained mutation: You are partially covered in thin metallic
                  | scales. (AC +2) [demonic ancestry]
  1063 | D:2      | Reached XP level 3. HP: 6/24 MP: 1/6
  1424 | D:2      | Learned a level 3 spell: Frozen Ramparts
  2159 | D:3      | Noticed a human
  2160 | D:3      | Found a runed translucent door.
  2179 | D:3      | Reached skill level 5 in Ice Magic
  2184 | D:3      | Gained mutation: You have a small tail. [demonic ancestry]
  2184 | D:3      | Reached XP level 4. HP: 20/30 MP: 1/7
  2287 | D:3      | Found a basalt altar of Yredelemnul.
  2316 | D:3      | Found a faded altar of an unknown god.
  2518 | D:3      | Found an ornate altar of the Wu Jian Council.
  2551 | D:3      | Learned a level 3 spell: Ozocubu's Armour
  2976 | D:4      | Found a shimmering altar of Xom.
  2982 | D:4      | Found a shimmering altar of Xom.
  2983 | D:4      | Found a shimmering altar of Xom.
  2983 | D:4      | Noticed Sigmund
  2984 | D:4      | Found a shimmering altar of Xom.
  2984 | D:4      | Found a shimmering altar of Xom.
  2984 | D:4      | Found a shimmering altar of Xom.
  2997 | D:4      | Killed Sigmund
  2998 | D:4      | Reached skill level 6 in Ice Magic
  2998 | D:4      | Reached XP level 5. HP: 35/35 MP: 4/8
  3142 | D:4      | Found a shimmering altar of Xom.
  3340 | D:4      | Reached XP level 6. HP: 36/41 MP: 9/9
  3934 | D:5      | Entered Level 5 of the Dungeon
  4295 | D:5      | Reached skill level 1 in Fighting
  4295 | D:5      | Reached skill level 1 in Armour
  4542 | D:5      | Reached skill level 7 in Ice Magic
  4618 | D:5      | Reached XP level 7. HP: 30/51 MP: 6/10
  5106 | D:6      | Found Dolan's Jewellery Emporium.
  5156 | D:6      | Noticed Edmund
  5165 | D:6      | Killed Edmund
  5354 | D:6      | Found a staircase to the Ecumenical Temple.
  5363 | Temple   | Entered the Ecumenical Temple
  5385 | Temple   | Became a worshipper of Qazlal Stormbringer
  5427 | D:6      | Found a broken altar of Ashenzari.
  5489 | D:6      | Reached XP level 8. HP: 37/60 MP: 11/11
  5900 | D:6      | Found a hide-covered altar of Uskayaw.
  6061 | D:6      | Bought the ring "Juav" {rElec rPois} for 340 gold pieces
  6085 | D:7      | Reached skill level 8 in Ice Magic
  6661 | D:7      | Reached skill level 1 in Shields
  7504 | D:8      | Noticed Psyche
  7515 | D:8      | Reached skill level 5 in Fighting
  7515 | D:8      | Reached XP level 9. HP: 32/66 MP: 12/12
  7517 | D:8      | Slain by Psyche

Illustrated notes

Levels and vault maps discovered:
D:1:      saegor_arrival_under_anarchy, layout_basic, nrook_mini_vaults,
          hex_intersection
D:2:      layout_basic
D:3:      layout_basic, dk_yredelemnul_ordeal, jmf_multi_god_temple,
          hellmonk_ecumenical_altar_crossroads
D:4:      layout_basic, nicolae_xom_altar_mimics, uniq_sigmund
D:5:      layout_basic
D:6:      layout_rooms, nicolae_uskayaw_dance_studio, evilmike_ruin_ashenzari,
          minmay_temple_entry_stoned_glass, serial_shops, nicolae_stop_n_shop_1,
          uniq_edmund
D:7:      layout_layer_cave, st_stairs_12
D:8:      layout_rooms, grunt_lair_entry_orc_guard_hut, enter_bailey_3,
          ebering_ghost_funeral_grove, nicolae_wwwww, uniq_psyche
Temple:   minmay_freezing_vapour_temple

Skill      XL: |  1  2  3  4  5  6  7  8 |
---------------+-------------------------+-----
Ice Magic      | 4 5 6 7 8 |  8.2
Fighting       | 2 3 5 |  5.0
Armour         | 2 3 4 |  4.5
Shields        | 4 |  4.0
Dodging        | |  1.8
Stealth        | |  1.8
Spellcasting   | |  2.0

Action                   |  1- 3 |  4- 6 |  7- 9 || total
-------------------------+-------+-------+-------++-------
Melee: Unarmed           |     6 |       |     5 ||    11
       Dagger            |     4 |       |       ||     4
       Spear             |    16 |    99 |   120 ||   235
       Tailslap          |       |    15 |    13 ||    28
       Scimitar          |       |       |     5 ||     5
 Cast: Freeze            |    66 |    18 |     2 ||    86
       Frozen Ramparts   |       |    11 |    26 ||    37
       Ozocubu's Armour  |       |    11 |    20 ||    31
  Use: Scroll            |     9 |     7 |     2 ||    18
       Potion            |       |       |     1 ||     1
 Stab: Sleeping          |     5 |     3 |     1 ||     9
Armor: Robe              |    10 |    27 |    42 ||    79
       Skin              |       |       |     3 ||     3
Dodge: Dodged            |    29 |    52 |    81 ||   162
Block: Other             |     4 |    17 |    25 ||    46

Table legend: (Time is in decaauts)
 A = Elapsed time spent in this place.
 B = Non-inter-level travel time spent in this place.
 C = Inter-level travel time spent in this place.
 D = Time resting spent in this place.
 E = Time spent auto-exploring this place.
 F = Levels seen in this place.
 G = Mean time per level.
                   A        B        C        D        E       F      G
               +--------+--------+--------+--------+--------+-----+--------+
         Total |   7541 |   7055 |    486 |    610 |   5254 |   9 |  837.9 |
       Dungeon |   7513 |   7031 |    482 |    610 |   5244 |   8 |  939.1 |
        Temple |     27 |     23 |      4 |      0 |     10 |   1 |   27.0 |
               +--------+--------+--------+--------+--------+-----+--------+

Top non-repeatable levels by time:
     D:7: 1449 daAuts
     D:5: 1146 daAuts
     D:4: 1120 daAuts
     D:1: 1030 daAuts
     D:3: 999 daAuts
     D:6: 887 daAuts
     D:2: 866 daAuts
  Temple: 27 daAuts
     D:8: 14 daAuts
